Description

This Build Order comes from goblin. It's macro oriented with a Void/Immortal playstyle.

Notes :

  • In this game, it's a 6 adepts pressure but you can use an opening with a fastest expand
  • Stay in defense : The army composition is heavy tech oriented = less units. If you are surrounded, you will lose
  • You can switch to both skytoss or gateway units playstyle. In this game it's gateway oriented as soon as the third is done

VOD

https://youtu.be/S-3R_PXDUtY

Replay - goblin v llllllllllll - Deathaura LE

Build Order

Get SALT Encoding   

  12  0:00  Probe  
  13  0:12  Probe  
  14  0:17  Pylon  
  14  0:24  Probe (Chrono Boost)  
  15  0:36  Probe (Chrono Boost)  
  15  0:37  Gateway  
  16  0:45  Probe (Chrono Boost)  
  16  0:46  Assimilator  
  17  0:51  Probe  
  17  0:54  Assimilator  
  18  1:03  Probe (Chrono Boost)  
  19  1:07  Gateway  
  19  1:14  Probe x2 (Chrono Boost)  
  20  1:24  Cybernetics Core  
  21  1:29  Probe  
  22  1:35  Pylon  
  24  2:01  Adept x2, Warp Gate  
  28  2:10  Stargate  
  28  2:21  Pylon  
  28  2:23  Shield Battery  
  28  2:40  Adept x2  
  32  2:49  Pylon  
  32  2:51  Oracle (Chrono Boost)  
  34  3:12  Adept x2  
  34  3:21  Oracle (Chrono Boost)  
  37  3:34  Nexus  
  37  3:39  Pylon  
  39  4:03  Void Ray  
  46  4:32  Robotics Facility  
  47  4:51  Void Ray  
  46  5:01  Shield Battery  
  48  5:19  Adept x2  
  52  5:21  Observer x2 (Chrono Boost)  
  54  5:32  Shield Battery  
  60  5:38  Void Ray  
  60  5:39  Immortal (Chrono Boost)  
  67  6:06  Assimilator x2  
  67  6:07  Zealot  
  70  6:14  Observer  
  70  6:15  Immortal (Chrono Boost)  
  75  6:24  Zealot  
  75  6:25  Void Ray  
  84  6:36  Shield Battery  
  86  6:52  Immortal (Chrono Boost)  
  80  7:02  Void Ray  
  84  7:14  Nexus  
  84  7:24  Observer  
  84  7:30  Immortal  
  84  7:33  Twilight Council  
  84  7:34  Observer  
  84  7:35  Forge  
  90  7:39  Sentry  
  90  7:42  Void Ray  
  98  8:05  Blink  
  97  8:10  Immortal  
  98  8:26  Gateway x2  
  101  8:35  Shield Battery  
  101  8:37  Adept x2  
  104  8:49  Protoss Ground Weapons Level 1 (Chrono Boost)  
  105  8:58  Gateway x2  
  106  9:05  Assimilator, Stalker  
  106  9:08  Observer x2  
  109  9:28  Warp Prism  
  109  9:29  Stalker x4  
  119  9:40  Gateway x2  
  119  9:48  Shield Battery  
  119  9:52  Stalker x5  
Spawning Tool Build Advisor. Get it on Overwolf

Go to:

Details

  • Created by: zuka      
  • Published on: Oct 04, 2020
  • Modified on: Oct 04, 2020
  • Patch: 4.11.0
  • Difficulty: Easy
Show
View Real Time Build Order
Export as new Build Order

Comments (0)

There are no comments. Be the first!

Create an account to comment!